 Dungeon Crawl Stone Soup version 0.30-a0-1066-g63dfefce0d (webtiles) character file.

Game seed: 16552978961163527121

193 dracfodder the Covert (level 5, -2/34 HPs)
             Began as an Octopode Brigand on Apr 12, 2023.
             Slain by a gnoll
             ... wielding a +0 flail
              (8 damage)
             ... on level 5 of the Dungeon.
             The game lasted 00:12:52 (2880 turns).

dracfodder the Covert (Octopode Brigand)            Turns: 2880, Time: 00:12:53

Health: -2/34      AC:  1    Str: 11    XL:     5   Next: 72%
Magic:  5/5        EV: 13    Int: 13    God:
Gold:   86         SH:  0    Dex: 15    Spells: 4/4 levels left

rFire   . . .      SeeInvis .    a - +2 dagger (speed)
rCold   . . .      Faith    .    (no shield)
rNeg    . . .      Spirit   .    (helmet restricted)
rPois   .          Reflect  .    (no amulet)
rElec   .          Rampage  .    p - +4 ring of slaying
rCorr   .                        (no ring)
Will    .....                    (no ring)
Stlth   +++++                    (no ring)
HPRegen 0.25/turn                (no ring)
MPRegen 0.09/turn                (no ring)
                                 (no ring)
                                 (no ring)

@: no status effects
A: almost no armour, amphibious, 8 rings, camouflage 1, gelatinous body 1,
(nimble swimmer 1), tentacles
a: no special abilities


You were on level 5 of the Dungeon.
You visited 1 branch of the dungeon, and saw 5 of its levels.

You collected 201 gold pieces.
You spent 115 gold pieces at shops.

Inventory:

Hand Weapons
 a - a +2 dagger of speed (weapon)
Missiles
 b - 12 poisoned darts (quivered)
 c - 3 curare-tipped darts
Jewellery
 p - a +4 ring of slaying (left tentacle)
Scrolls
 f - a scroll of fog
 h - 2 scrolls of magic mapping
 i - 2 scrolls of teleportation
 o - 2 scrolls of fear
Potions
 d - a potion of resistance
 e - a potion of magic
 g - 3 potions of curing
 j - a potion of brilliance {unknown}
 k - a potion of invisibility
 l - a potion of flight
 m - a potion of heal wounds {unknown}
 q - a potion of haste


   Skills:
 + Level 2.0 Fighting
 + Level 2.4 Short Blades
 + Level 2.1 Throwing
 + Level 2.1 Dodging
 + Level 8.7 Stealth


You had 4 spell levels left.
You didn't know any spells.
Your spell library contained the following spells:

 Spells                   Type           Power      Damage    Failure   Level
 Beastly Appendage        Tmut           0%         N/A       30%         1
 Wereblood                Tmut           0%         N/A       43%         2
 Spider Form              Tmut/Pois      0%         N/A       67%         3
 Stone Arrow              Conj/Erth      0%         3d7       67%         3
 Lehudib's Crystal Spear  Conj/Erth      0%         10d2      100%        8
 Animate Armour           Summ/Erth      Unusable   N/A       N/A         4

Dungeon Overview and Level Annotations

Branches:
Dungeon (5/15)
 Temple: D:4-7

Altars:
Cheibriados
The Shining One

Shops:
D:1 (??


Innate Abilities, Weirdness & Mutations

You cannot wear most types of armour.
You are amphibious.
You can wear up to eight rings at the same time.
Your skin changes colour to match your surroundings (Stealth+).
Your rubbery body absorbs attacks. (AC +1, EV +1)
((You are camouflaged when in or above water. (Stealth+)))
You have tentacles for arms and can constrict up to eight enemies at once.


Message History

Done exploring.
You see here 6 stones.
There is a stone staircase leading down here.
You climb downwards.
Found 16 gold pieces.
There is a stone staircase leading up here.
You now have 86 gold pieces (gained 16).
Found a robe. 2 gnolls come into view.
Found a club. 2 gnolls come into view.
The gnoll shouts! x2; You hear a shout!
You barely miss the gnoll.
The gnoll shouts! x2
Your grab misses the gnoll. You hit the gnoll. Your grab misses the gnoll.
The gnoll is heavily wounded.
The gnoll hits you with a +0 club.
You hit the gnoll. You grab the gnoll.
The gnoll is almost dead.
You constrict the gnoll.
You kill the gnoll!
The gnoll throws a throwing net.
The throwing net hits you.
You become entangled in the net!
Things that are here:
a throwing net; a +0 club; a gnoll corpse You are held in a net!
You are held in a net!
You struggle against the net.
The gnoll hits you with a +0 flail.
You tear a large gash into the net.
The gnoll hits you with a +0 flail!
You rip the net and break free!
The gnoll hits you with a +0 flail!
* * * LOW HITPOINT WARNING * * *
The gnoll hits you from afar with a +0 spear.
* * * LOW HITPOINT WARNING * * *
The gnoll completely misses you.
You hit the gnoll. You grab the gnoll.
You squeeze the gnoll, but do no damage.
The gnoll is heavily wounded.
You constrict the gnoll. The gnoll hits you with a +0 flail!
You die...

.# .. .). . ##.
##...# .. ##..
.....# ...#...###
#...... .........###
..#...
.....g...#.##....#
#.....g@.......#
.#....g.#.#....##
........####....#..#
##....[..##.........
##..#.......##.....
#..###....### ....
#..........# ...
....#.....## ..
...#......# .


You could see 3 gnolls.

Vanquished Creatures
  A howler monkey (D:4)
  2 sleepcaps (D:4)
  An iguana (D:4)
  A gnoll (D:5)
  An adder (D:3)
  A worm (D:4)
  2 dart slugs
  7 ball pythons
  4 endoplasms
  5 goblins
  7 hobgoblins
  4 quokkas
  2 bats
  4 frilled lizards (D:1)
  7 kobolds
  A rat (D:1)
50 creatures vanquished.

Notes
Turn   | Place    | Note
-------+----------+-------------------------------------------
     0 | D:1      | dracfodder the Octopode Brigand began the quest for the
                  | Orb.
     0 | D:1      | Reached XP level 1. HP: 14/14 MP: 1/1
    72 | D:1      | Found Ygro's Magic Scroll Shop.
   275 | D:1      | Found Ohicw's Antique Weapon Emporium.
   282 | D:1      | Reached XP level 2. HP: 19/19 MP: 2/2
   304 | D:1      | Found Irotwa's Magic Scroll Shoppe.
   410 | D:1      | Bought a scroll of identify for 20 gold pieces
   573 | D:1      | Reached skill level 6 in Stealth
   752 | D:2      | Found a faded altar of an unknown god.
   771 | D:2      | Found a glowing golden altar of the Shining One.
  1006 | D:2      | Reached XP level 3. HP: 19/24 MP: 3/3
  1282 | D:1      | Bought a scroll of identify for 20 gold pieces
  1282 | D:1      | Bought a scroll of magic mapping for 75 gold pieces
  1596 | D:3      | Found a snail-covered altar of Cheibriados.
  1873 | D:3      | Reached skill level 7 in Stealth
  2409 | D:4      | Reached XP level 4. HP: 29/29 MP: 4/4
  2460 | D:4      | Reached XP level 5. HP: 29/34 MP: 5/5
  2517 | D:4      | Reached skill level 8 in Stealth
  2853 | D:5      | Entered Level 5 of the Dungeon
  2880 | D:5      | Slain by a gnoll

Illustrated notes

Levels and vault maps discovered:
D:1:      dpeg_arrival_houses_and_road, layout_loops_ring, serial_shops, shop,
          nicolae_shop_competitors_out_of_business,
          nicolae_shop_overgrown_old_shop
D:2:      kennysheep_big_flooded_room, layout_basic,
          hellmonk_ecumenical_altar_run_dry, basic_altar, serial_bayou_crossing
D:3:      layout_loops_ring, mainiacjoe_overflow_six_doors_small
D:4:      layout_rooms
D:5:      layout_cave_pools, mainiacjoe_overflow_tiny_flanked,
          dreamdust_princess_corridor, corexii_corridor_pit,
          nicolae_elevator_lobby_plus

Skill      XL: |  1  2  3  4  5 |
---------------+----------------+-----
Stealth        | 6 7 8 |  8.7
Dodging        | 2 |  2.1
Fighting       | |  2.0
Short Blades   | |  2.4
Throwing       | |  2.1

Action                     |  1- 3 |  4- 6 || total
---------------------------+-------+-------++-------
  Melee: Dagger            |    48 |    25 ||    73
         Constrict         |     6 |     8 ||    14
         Tentacles         |     3 |     6 ||     9
    Use: Scroll            |    14 |       ||    14
   Stab: Sleeping          |    19 |     2 ||    21
 Armour: Skin              |     3 |       ||     3
  Dodge: Dodged            |     8 |     4 ||    12

Table legend: (Time is in decaauts)
 A = Elapsed time spent in this place.
 B = Non-inter-level travel time spent in this place.
 C = Inter-level travel time spent in this place.
 D = Time resting spent in this place.
 E = Time spent auto-exploring this place.
 F = Levels seen in this place.
 G = Mean time per level.
                   A        B        C        D        E       F      G
               +--------+--------+--------+--------+--------+-----+--------+
         Total |   2855 |   2687 |    168 |    139 |   2135 |   5 |  571.0 |
       Dungeon |   2855 |   2687 |    168 |    139 |   2135 |   5 |  571.0 |
               +--------+--------+--------+--------+--------+-----+--------+

Top non-repeatable levels by time:
     D:2: 880 daAuts
     D:3: 717 daAuts
     D:1: 700 daAuts
     D:4: 531 daAuts
     D:5: 25 daAuts
